 Dungeon Crawl Stone Soup version 0.27.1 (webtiles) character file.

Game seed: 10717069701755927605

7130 MajorAdolf the Basher (level 11, -3/94 HPs)
             Began as a Naga Wanderer on Sept 2, 2021.
             Was an Initiate of Gozag.
             Slain by a vampire mosquito (4 damage)
             ... on level 9 of the Dungeon.
             The game lasted 00:36:19 (17165 turns).

MajorAdolf the Basher (Naga Wanderer)              Turns: 17165, Time: 00:36:20

Health: -3/94      AC:  7    Str: 13    XL:     11   Next: 10%
Magic:  15/15      EV:  9    Int: 17    God:    Gozag
Gold:   134        SH:  5    Dex: 11    Spells: 15/16 levels left

rFire    . . .     SeeInvis +   j - +4 whip (elec)
rCold    . . .     Faith    .   (no shield)
rNeg     . . .     Spirit   .   i - +0 robe {Will+}
rPois    +         Reflect  +   (no helmet)
rElec    .         Harm     .   D - +1 cloak
rCorr    +         Rampage  .   J - +0 pair of gloves
Will     ++...                  (no barding)
Stlth    +++.......             H - amulet of reflection
HPRegen  0.25/turn              v - ring of resist corrosion
MPRegen  0.14/turn              (no ring)

@: mighty, very slow
A: AC +3, large, see invisible, deformed body, poison resistance, slowness 2,
spit poison 1, naga tail 1
a: Spit Poison, Renounce Religion, Potion Petition, Call Merchant, Bribe Branch


You were on level 9 of the Dungeon.
You worshipped Gozag.
Gozag was aware of your devotion.
You visited 2 branches of the dungeon, and saw 11 of its levels.

You collected 1167 gold pieces.
You spent 215 gold pieces at shops.
You paid 818 gold pieces to Gozag.

Inventory:

Hand Weapons
 b - a +1 dagger of draining
 f - a +1 dagger of speed
 j - a +4 whip of electrocution (weapon)
 m - a +2 vorpal hand axe
 o - a +0 hunting sling
 u - a +1 dagger of venom
Missiles
 d - 70 poisoned darts
 p - 296 stones
 q - a throwing net
 s - 31 sling bullets
 G - a curare-tipped dart
Armour
 i - a +0 robe of willpower (worn)
 l - a +0 ring mail of positive energy
 D - a +1 cloak (worn)
 J - a +0 pair of gloves (worn)
Jewellery
 v - a ring of resist corrosion (left hand)
 H - an amulet of reflection (around neck)
 K - a +4 ring of slaying
 L - a ring of protection from fire
Wands
 B - a wand of acid (13)
 F - a wand of digging (6)
 N - a wand of polymorph (7)
Scrolls
 a - a scroll of teleportation
 c - 2 scrolls of magic mapping
 h - 3 scrolls of noise
 w - 2 scrolls of amnesia
 y - 2 scrolls of holy word
 C - a scroll of brand weapon {unknown}
 I - a scroll of torment {unknown}
 M - a scroll of identify
Potions
 e - 2 potions of lignification {unknown}
 k - 2 potions of haste
 n - a potion of mutation {unknown}
 t - 2 potions of cancellation {unknown}
 z - a potion of might
 E - 2 potions of brilliance {unknown}


   Skills:
 - Level 5.0 Fighting
 - Level 3.0 Short Blades
 + Level 9.8 Maces & Flails
 - Level 1.9(2.0) Slings
 - Level 1.0 Bows
 - Level 1.0(1.5) Throwing
 - Level 1.0 Armour
 - Level 7.2 Stealth
 - Level 3.0 Spellcasting
 - Level 9.0 Conjurations
 - Level 6.0 Air Magic
 - Level 2.6 Evocations


You had 15 spell levels left.
You knew the following spells:

 Your Spells              Type           Power      Damage    Failure   Level
a - Shock                 Conj/Air       100%       1d9       1%          1

Your spell library contained the following spells:

 Spells                   Type           Power      Damage    Failure   Level
 Swiftness                Air            23%        N/A       4%          3
 Airstrike                Air            11%        N/A       14%         4
 Portal Projectile        Hex/Tloc       4%         N/A       45%         3
 Animate Armour           Summ/Erth      4%         N/A       86%         4
 Blade Hands              Tmut           1%         N/A       99%         5
 Excruciating Wounds      Necr           1%         N/A       99%         5
 Iron Shot                Conj/Erth      8%         9d3       99%         6


Dungeon Overview and Level Annotations

Branches:
Dungeon (10/15)            Temple (1/1) D:5
   Lair: D:8-11         Orc: D:9-12

Altars:
Ashenzari
Cheibriados
Dithmenos
Elyvilon
Fedhas
Gozag
Hepliaklqana
Kikubaaqudgha
Makhleb
Nemelex Xobeh
Okawaru
Qazlal
Ru
Sif Muna
Trog
Uskayaw
Vehumet
Wu Jian
Xom
Yredelemnul
Zin
The Shining One

Shops:
D:4 *?   D:5 *   D:9 !

Annotations:
D:6 3 runed translucent doors, ABBCCCDDDD's ghost, novice OpCK


Innate Abilities, Weirdness & Mutations

Your serpentine skin is tough. (AC +3)
You have supernaturally acute eyesight. (SInv)
Armour fits poorly on your strangely shaped body.
Your system is resistant to poisons. (rPois)
You cover ground very slowly.
You can spit poison.
You have a snake-like lower body.


Message History

The vampire mosquito draws strength from your injuries!
The wolf misses you. The vampire mosquito bites you!
* * * LOW HITPOINT WARNING * * *
The vampire mosquito draws strength from your injuries!
A mysterious force pulls you upwards. The hatch slams shut behind you.
You feel better. The wolf bites you but does no damage.
The vampire mosquito closely misses you.
The wolf bites you.
* * * LOW HITPOINT WARNING * * *
The vampire mosquito completely misses you.
Unknown command.
You feel very mighty all of a sudden. The wolf bites you.
* * * LOW HITPOINT WARNING * * *
The vampire mosquito bites you.
* * * LOW HITPOINT WARNING * * *
The vampire mosquito draws strength from your injuries!
The wolf bites you.
* * * LOW HITPOINT WARNING * * *
The vampire mosquito bites you.
* * * LOW HITPOINT WARNING * * *
The vampire mosquito draws strength from your injuries!
You feel better.
The vampire mosquito bites you but does no damage.
The wolf bites you but does no damage.
Unknown command.
As you read the scroll of fear, it crumbles to dust.
You assume a fearsome visage.
The vampire mosquito is unaffected.
The wolf looks frightened!
You block the vampire mosquito's attack.
The vampire mosquito bites you!
* * * LOW HITPOINT WARNING * * *
The vampire mosquito draws strength from your injuries!
Unknown command.
Okay, then.
As you read the scroll of fear, it crumbles to dust.
You assume a fearsome visage.
The vampire mosquito is unaffected.
The vampire mosquito bites you.
You die...
Your body crumbles into a pile of gold.

#........####.# .........# #.#
.........# #.# ### #..#...#.#
#.############# #..
#..#...#.####.............# #.#
#..##.##.......##########.# #.#
#..##.##..###.## #)# #.#
#..##.##..###.#### #.# #.#
#..##.##..#....y@# #.# ###.#
#..##.........##.# #.# #...#
#..#####.......#.# #.# #.#..
#..#####.......#h# #.###...#
#........#.#.#[#.########..###..#
.....###.......#...........# #..#
#.##.# #.#.#.#....#######..###..#
####.# #........................#
#.# #.#.#.#.##.###.###..###.##


You could see a vampire mosquito and a wolf (fleeing).

Vanquished Creatures
  A tengu warrior (D:8)
  Pikel (D:8)
  An unseen horror (D:6)
  A troll (D:9)
  2 shadows
  6 yaks
  3 wyverns
  A vampire mosquito (D:10)
  2 steam dragons
  An acid dragon (D:9)
  3 water moccasins
  Purgy (D:4)
  A black bear (D:8)
  3 necrophages
  A sky beast (D:8)
  2 wolves (D:10)
  8 centaurs
  A phantom (D:6)
  A kobold brigand (D:8)
  A gnoll sergeant (D:8)
  A scorpion (D:4)
  2 bullfrogs
  A water moccasin zombie (D:6)
  A wyvern skeleton (D:6)
  A water moccasin skeleton (D:6)
  4 killer bees (D:7)
  3 wights (D:4)
  3 howler monkeys (D:8)
  A centaur zombie (D:9)
  2 hounds
  2 orc priests
  2 centaur skeletons
  2 jellies
  A bullfrog skeleton (D:5)
  7 iguanas
  5 orc wizards
  A killer bee zombie (D:3)
  9 gnolls
  8 adders
  A shadow imp (D:7)
  A white imp (D:7)
  3 dart slugs
  10 orcs
  9 ball pythons
  9 endoplasms
  A giant cockroach (D:2)
  19 goblins
  9 hobgoblins
  3 quokkas
  13 bats
  4 frilled lizards
  13 kobolds
  A rat (D:3)
193 creatures vanquished.

Vanquished Creatures (others)
  3 fungi (D:10)
  11 plants (D:10)
14 creatures vanquished.

Grand Total: 207 creatures vanquished

Notes
Turn   | Place    | Note
-------+----------+-------------------------------------------
     0 | D:1      | MajorAdolf the Naga Wanderer began the quest for the Orb.
     0 | D:1      | MajorAdolf set off with the following items: a +2 dagger, a
                  | potion of berserk rage, a +0 short sword, 14 poisoned
                  | darts, a +0 dagger, a +0 robe
     0 | D:1      | Reached XP level 1. HP: 18/18 MP: 1/1
   377 | D:1      | Reached XP level 2. HP: 26/26 MP: 2/2
  1139 | D:1      | Found a faded altar of an unknown god.
  1192 | D:1      | Reached XP level 3. HP: 31/33 MP: 3/3
  2332 | D:2      | Reached skill level 5 in Stealth
  2343 | D:2      | Reached XP level 4. HP: 32/42 MP: 4/4
  3470 | D:3      | Reached XP level 5. HP: 12/50 MP: 5/5
  4438 | D:2      | Reached skill level 1 in Slings
  4704 | D:3      | Noticed a water moccasin
  4722 | D:3      | Killed a water moccasin
  4723 | D:3      | Reached XP level 6. HP: 46/58 MP: 6/6
  4963 | D:3      | Learned a level 1 spell: Shock
  5685 | D:4      | Reached skill level 1 in Air Magic
  5693 | D:4      | Reached skill level 1 in Conjurations
  5768 | D:4      | Reached skill level 1 in Spellcasting
  5768 | D:4      | Reached XP level 7. HP: 66/66 MP: 6/8
  5898 | D:4      | Noticed Purgy
  6047 | D:4      | Found Qoenuetu's Magic Scroll Emporium.
  7167 | D:5      | Entered Level 5 of the Dungeon
  7714 | D:5      | Found a sparkling altar of Nemelex Xobeh.
  7807 | D:5      | Found a staircase to the Ecumenical Temple.
  7815 | Temple   | Entered the Ecumenical Temple
  7872 | Temple   | Became a worshipper of Gozag Ym Sagoz the Greedy
  8035 | D:5      | Found Ceugocs's CLEARANCE SALE! EVERYTHING MUST GO!.
  8037 | D:5      | Bought a wand of paralysis (5) for 21 gold pieces
  8037 | D:5      | Bought a potion of might for 12 gold pieces
  8037 | D:5      | Bought a potion of heal wounds for 15 gold pieces
  8037 | D:5      | Bought 9 stones for 2 gold pieces
  8037 | D:5      | Bought a scroll of holy word for 22 gold pieces
  8222 | D:5      | Reached XP level 8. HP: 63/73 MP: 10/12
  8409 | D:6      | Noticed a kobold demonologist
  8410 | D:6      | Found a runed translucent gate.
  8410 | D:6      | Found a runed translucent gate.
  8410 | D:6      | Found a runed translucent gate.
  8410 | D:6      | Noticed ABBCCCDDDD's ghost (novice OpCK)
  8473 | D:6      | Noticed an unseen horror
  8497 | D:6      | Killed an unseen horror
  8795 | D:6      | HP: 3/73 [centaur/arrow (5)]
  9637 | D:6      | Reached skill level 5 in Conjurations
  9637 | D:6      | Reached skill level 5 in Air Magic
 10245 | D:6      | Reached XP level 9. HP: 52/79 MP: 0/13
 11648 | D:7      | You fall into a shaft and drop 1 floor!
 11648 | D:8      | Noticed a tengu warrior
 11972 | D:8      | Noticed Pikel
 11980 | D:8      | Paralysed by Pikel for 7 turns
 12341 | D:8      | Killed Pikel
 12424 | D:8      | Reached skill level 1 in Maces & Flails
 12742 | D:8      | Killed a tengu warrior
 12743 | D:8      | Reached skill level 5 in Fighting
 12743 | D:8      | Reached XP level 10. HP: 36/88 MP: 11/14
 12967 | D:8      | Found the +27 Lear's hauberk
 13836 | D:8      | Reached skill level 5 in Maces & Flails
 14811 | D:4      | Killed Purgy
 16161 | D:9      | Noticed a boulder beetle
 16161 | D:9      | Noticed a centaur warrior
 16163 | D:9      | Noticed a boulder beetle
 16167 | D:9      | Noticed a tengu warrior
 16590 | D:9      | Found Xeops's Distillery.
 16735 | D:10     | Entered Level 10 of the Dungeon
 16769 | D:9      | Bought a potion of curing for 33 gold pieces
 16769 | D:9      | Bought a potion of haste for 110 gold pieces
 17013 | D:10     | Reached XP level 11. HP: 49/94 MP: 9/15
 17162 | D:9      | HP: 3/94 [vampire mosquito (3)]
 17164 | D:9      | HP: 1/94 [vampire mosquito (10)]
 17165 | D:9      | Slain by a vampire mosquito

Illustrated notes

Levels and vault maps discovered:
D:1:      ncdulo_halloftheorcs, layout_basic,
          dilly_ecumenical_altar_fadedgnrine, minmay_misc_feat_plants,
          roderic_lattice_a, chequers_avenue
D:2:      layout_rooms, chequers_serial_rivers_micro_d, st_stairs_3
D:3:      layout_basic, minivault_23
D:4:      layout_cave_pods, serial_shops, nicolae_shop_behind_doors, uniq_purgy
D:5:      layout_rooms, nemelex_diamond_rough_becter,
          minmay_temple_entry_nine_rooms, hangedman_decor_opposing,
          nicolae_shop_clearance
D:6:      layout_cave_pods, gammafunk_ghost_nasty_kobolds,
          kennysheep_generic_room_10
D:7:      layout_gridville
D:8:      layout_basic, hellmonk_guarded_unrand_lears, uniq_pikel
D:9:      layout_loops_ring, serial_shops, shop, serial_glass, glass_columns_b,
          glass_columns_b, onia_ninara_dug_in_and_dangerous
D:10:     layout_cave_pools, minmay_lair_entry_grove,
          minmay_guarded_unrand_vampires_tooth
Temple:   grunt_wide_crystal_templ

Skill      XL: |  1  2  3  4  5  6  7  8  9 10 |
---------------+-------------------------------+-----
Fighting       | 2 3 4 5 |  5.0
Stealth        | 5 6 7 |  7.2
Slings         | 1 |  1.9
Air Magic      | 1 3 5 6 |  6.0
Conjurations   | 1 3 5 9 |  9.0
Spellcasting   | 1 2 3 |  3.0
Evocations     | 2 |  2.6
Maces & Flails | 4 9 |  9.8
Short Blades   | |  3.0
Bows           | |  1.0
Throwing       | |  1.0
Armour         | |  1.0

Action                   |  1- 3 |  4- 6 |  7- 9 | 10-12 || total
-------------------------+-------+-------+-------+-------++-------
Melee: Dagger            |    60 |   133 |    87 |    25 ||   305
       Hand axe          |       |       |    17 |       ||    17
       Whip              |       |       |    29 |    53 ||    82
 Fire: Hunting sling     |       |    79 |    65 |       ||   144
Throw: Dart              |     2 |       |       |       ||     2
       Throwing net      |       |     1 |       |       ||     1
 Cast: Shock             |       |     7 |   164 |   134 ||   305
Invok: Call Merchant     |       |       |       |     1 ||     1
 Abil: Spit Poison       |    24 |    42 |    12 |       ||    78
Evoke: Wand              |       |       |     7 |     7 ||    14
  Use: Potion            |       |     1 |       |     4 ||     5
       Scroll            |       |       |     9 |    10 ||    19
 Stab: Sleeping          |     2 |       |       |       ||     2
       Distracted        |       |       |     1 |     1 ||     2
       Paralysed         |       |       |    11 |     7 ||    18
Armor: Robe              |    10 |    28 |    66 |    66 ||   170
Dodge: Dodged            |    37 |    73 |   143 |    66 ||   319
Block: Other             |       |       |       |    42 ||    42
       Reflection        |       |       |       |     3 ||     3
